 Dungeon Crawl Stone Soup version 0.24.0-37-gcf1ca852f1 (webtiles) character file.

Game seed: 1800740874495067650, levelgen mode: deterministic

33546 Mesmaeker13 the Nimble (level 13, -2/77 HPs)
             Began as a Red Draconian Conjurer on Nov 21, 2019.
             Was a High Priest of Hepliaklqana.
             Slain by a komodo dragon (23 damage)
             ... on level 6 of the Lair of Beasts.
             The game lasted 00:56:23 (21584 turns).

Mesmaeker13 the Nimble (Red Draconian Conjurer)    Turns: 21584, Time: 00:56:23

Health: -2/77      AC: 12    Str:  7    XL:     13   Next: 37%
Magic:  34/36      EV: 19    Int: 19    God:    Hepliaklqana [*****.]
Gold:   2048       SH:  0    Dex: 12    Spells: 22/32 levels left

rFire    + . .     SeeInvis +   D - +9 falchion of Gyoraci {vamp, rPois rC+ Str-5}
rCold    + . .     Gourm    .   (no shield)
rNeg     . . .     Faith    .   (armour unavailable)
rPois    +         Spirit   .   J - +1 hat {MR+}
rElec    .         Reflect  .   E - +1 cloak
rCorr    .         Harm     .   h - +0 pair of gloves
MR       +....                  (no boots)
Stlth    ++........             (no amulet)
HPRegen  0.22/turn              m - ring of see invisible
MPRegen  0.25/turn              n - ring of magical power

@: no status effects
A: breathe fire, unfitting armour, reduced essence, fire resistance 1,
cold-blooded, AC +8
a: Breathe Fire, Recall Ancestor, Ancestor Identity, Transference, Idealise,
Renounce Religion


You were on level 6 of the Lair of Beasts.
You worshipped Hepliaklqana.
Hepliaklqana was extremely pleased with you.
You were not hungry.

You visited 2 branches of the dungeon, and saw 16 of its levels.
You also visited: Bailey.

You collected 2098 gold pieces.
You spent 50 gold pieces at shops.

Inventory:

Hand Weapons
 q - a +6 dagger of venom
 v - a +0 trident of venom
 D - the +9 falchion of Gyoraci (weapon) {vamp, rPois rC+ Str-5}
   (You found it on level 6 of the Dungeon)

   It inflicts no extra harm, but heals its wielder when it wounds a living foe.
   It affects your strength (-5).
   It protects you from cold.
   It protects you from poison.
Missiles
 H - 3 throwing nets (quivered)
Armour
 h - a +0 pair of gloves (worn)
 E - a +1 cloak (worn)
 J - a +1 hat of magic resistance (worn)
Magical Staves
 G - an uncursed staff of power
 K - an uncursed staff of summoning
Jewellery
 m - a ring of see invisible (left hand)
 n - a ring of magical power (right hand)
 o - an uncursed ring of resist corrosion
 x - an uncursed ring of ice
 y - an uncursed ring of fire
Wands
 p - a wand of digging (7)
 B - a wand of disintegration (26)
 M - a wand of paralysis (6)
 P - a wand of random effects (12)
Scrolls
 a - 4 scrolls of enchant weapon
 c - a scroll of amnesia
 d - 4 scrolls of fog
 j - 3 scrolls of enchant armour
 k - 6 scrolls of remove curse
 s - 3 scrolls of blinking
 u - a scroll of magic mapping
 w - 2 scrolls of noise
 F - 3 scrolls of teleportation
 L - a scroll of fear
 N - a scroll of identify
Potions
 e - 3 potions of might
 f - 2 potions of cancellation
 g - a potion of resistance
 i - a potion of lignification
 l - 2 potions of mutation
 r - 3 potions of haste
 t - a potion of flight
 z - 4 potions of agility
 A - 2 potions of brilliance
 C - a potion of ambrosia
 I - a potion of heal wounds
 Q - a potion of curing
Comestibles
 b - 31 rations
 O - 10 chunks of flesh


   Skills:
 + Level 12.2 Dodging
 - Level 1.7 Stealth
 + Level 10.2 Spellcasting
 - Level 11.0 Conjurations
 + Level 10.9 Hexes


You had 22 spell levels left.
You knew the following spells:

 Your Spells              Type           Power        Failure   Level  Hunger
a - Magic Dart            Conj           ####         1%          1    None
b - Searing Ray           Conj           ######       1%          2    None
c - Dazzling Spray        Conj/Hex       ######       1%          3    None
d - Fulminant Prism       Conj/Hex       ######....   1%          4    ##.....

Your spell library contained the following spells:

 Spells                   Type           Power        Failure   Level  Hunger
 Confusing Touch          Hex            ######       1%          1    None
 Confuse                  Hex            ######..     1%          3    None
 Iskenderun's Mystic Bla  Conj           ######..     1%          4    ##.....
 Stone Arrow              Conj/Erth      ####..       2%          3    None
 Animate Skeleton         Necr           N/A          8%          1    None
 Apportation              Tloc           #.....       8%          1    None
 Sandblast                Erth           #.....       8%          1    None
 Summon Small Mammal      Summ           #...         8%          1    None
 Force Lance              Conj/Tloc      ####....     8%          4    ##.....
 Passwall                 Tmut/Erth      #.......     11%         2    None
 Gell's Gravitas          Tloc           #.........   22%         3    None
 Recall                   Summ/Tloc      N/A          22%         3    None
 Irradiate                Conj/Tmut      ####......   22%         5    #####..
 Metabolic Englaciation   Hex/Ice        ####......   22%         5    #####..
 Summon Mana Viper        Hex/Summ       ####....     22%         5    #####..
 Yara's Violent Unravell  Hex/Tmut       ####......   22%         5    #####..
 Petrify                  Tmut/Erth      #.......     58%         4    ##.....
 Aura of Abjuration       Summ           #.........   90%         5    #####..
 Lee's Rapid Deconstruct  Erth           #.........   90%         5    #####..
 Summon Demon             Summ           #.........   90%         5    #####..
 Summon Forest            Summ/Tloc      #.........   90%         5    #####..
 Hydra Form               Tmut           #.........   100%        6    ######.
 Shadow Creatures         Summ           N/A          100%        6    ######.
 Statue Form              Tmut/Erth      #........    100%        6    ######.
 Dragon Form              Tmut           #.........   100%        7    #######


Dungeon Overview and Level Annotations

Branches:
Dungeon (10/15)            Temple (0/1) D:4            Lair (6/6) D:10
  Swamp (0/4) Lair:4        Snake (0/4) Lair:2        Slime (0/5) Lair:5
    Orc (0/2) D:9          Bailey (visited)

Altars:
Cheibriados
Dithmenos
Elyvilon
Gozag
Hepliaklqana
Makhleb
Qazlal
Wu Jian
Xom
Yredelemnul
Zin

Shops:
D:8 =[(%   D:10 *

Annotations:
D:7 3 runed translucent doors, Daviar's ghost, amateur VSHu
Lair:3 2 transporters, Sadonosm's ghost, journeyman DgSk


Innate Abilities, Weirdness & Mutations

You can breathe blasts of fire.
Your fiery red scales are hard. (AC +8)
You cannot fit into any form of body armour.
Your flesh is heat resistant. (rF+)
You are cold-blooded and may be slowed by cold attacks.
Your life essence is reduced to manifest your ancestor. (-10% HP)


Message History

Casting: Searing Ray (safe; 1% risk of failure)
Confirm with . or Enter, or press ? or * to list all spells.
Aiming: Magic Dart (safe; 1% risk of failure)
Press: ? - help, Shift-Dir - straight line, f - komodo dragon
Aim: a komodo dragon The magic dart hits the komodo dragon but does no damage.
Ku-aya hits the komodo dragon with a +0 flail!
The komodo dragon bites you!!
* * * LOW HITPOINT WARNING * * *
Casting: Magic Dart (safe; 1% risk of failure)
Confirm with . or Enter, or press ? or * to list all spells.
Aiming: Searing Ray (safe; 1% risk of failure)
Press: ? - help, Shift-Dir - straight line, f/p - komodo dragon
Aim: a komodo dragon (moderately wounded)
The searing ray hits the komodo dragon.
The komodo dragon is moderately wounded. (Press . to maintain the ray.) Ku-aya hits the komodo dragon with a +0 flail!
The komodo dragon bites you!!
You die...

.....# ##.........# ###.#.#.#
....## #.....÷....# #......#.
.....# ##.).......## #..D..#..
###....
#...........####....#... #
#...###..........#.##..#.#.#.#
#
.%..#.#.........#......#...#.
P...............P....#.#.#.#
#.........lR.........÷######
#.#........@.........##
####.............#P###
#............####
##.........<..P#
##............##
#P............##
#P...........#.#
#............###
#.............##


You could see the friendly Ku-aya the knight and a komodo dragon.

Vanquished Creatures
  Gastronok (Lair:2)
  2 hydras (Lair:4)
  A two-headed ogre (D:9)
  4 death yaks
  Sonja (Lair:5)
  Pikel (D:5)
  9 elephants
  A guardian serpent (Lair:2)
  2 black mambas (Lair:6)
  7 spiny frogs
  2 rime drakes
  6 komodo dragons
  2 polar bears
  5 dream sheep
  9 blink frogs
  2 hippogriffs
  11 yaks
  3 wyverns (D:8)
  A basilisk (Lair:4)
  A steam dragon (Lair:4)
  3 swamp worms (Lair:4)
  5 water moccasins
  A porcupine (Lair:3)
  Duvessa (D:5)
  A sky beast (D:5)
  An ice beast (D:9)
  A phantom (D:9)
  3 orc warriors (D:9)
  3 ogres
  3 wolves (Lair:2)
  6 crocodiles
  4 big kobolds
  Blork the orc (D:4)
  7 bullfrogs
  3 gnoll sergeants (Bailey)
  2 scorpions
  A howler monkey (D:2)
  2 crimson imps
  A centaur zombie (D:9)
  5 hounds
  5 jellies
  6 orc priests
  A centaur skeleton (D:4)
  Jessica (D:3)
  Ijyb (D:4)
  2 iguanas
  6 knights
  13 orc wizards
  4 worker ants
  A hound skeleton (D:4)
  A worker ant zombie (D:9)
  7 gnolls (Bailey)
  5 adders
  2 shadow imps
  11 oozes
  2 adder skeletons
  3 worms
  3 dart slugs
  6 leopard geckos
  43 orcs
  6 giant cockroaches
  4 goblins
  4 hobgoblins
  3 jackals (D:2)
  24 kobolds
  2 quokkas
  3 ball pythons
  9 bats
  5 frilled lizards
  7 rats
  3 plants
318 creatures vanquished.

Vanquished Creatures (collateral kills)
  A hydra (D:8)
  An ugly thing (D:9)
  2 elephants
  A spiny frog (Lair:2)
  A rime drake (Lair:4)
  5 komodo dragons
  2 blink frogs (Lair:3)
  A dream sheep (D:8)
  4 hippogriffs
  A yak (Lair:4)
  2 basilisks (Lair:3)
  A water moccasin (Lair:6)
  3 sky beasts
  2 orc warriors (D:9)
  An ogre (D:9)
  A wolf (Lair:2)
  5 crocodiles
  3 centaurs
  3 big kobolds
  3 bullfrogs
  5 gnoll sergeants (Bailey)
  Dowan (D:5)
  2 crimson imps
  A hound (Bailey)
  4 orc priests
  6 gnoll shamans (Bailey)
  An iguana (D:6)
  5 orc wizards
  A worker ant (D:8)
  A hound zombie (D:7)
  7 gnolls (Bailey)
  3 adders
  3 oozes (D:4)
  An adder zombie (D:5)
  8 orcs
  A giant cockroach (D:5)
  A frilled lizard (D:4)
  6 kobolds
  A leopard gecko skeleton (D:5)
101 creatures vanquished.

Vanquished Creatures (others)
  A slave (D:5)
  Sigmund (D:5)
  A black bear (D:9)
  A centaur (D:5)
  An orc wizard (D:5)
  12 knights
  3 ancestors
  3 orcs (D:5)
  101 fulminant prisms
  12 fungi
  16 plants
  11 toadstools (D:4)
163 creatures vanquished.

Grand Total: 582 creatures vanquished

Notes
Turn   | Place    | Note
-------+----------+-------------------------------------------
     0 | D:1      | Mesmaeker13 the Draconian Conjurer began the quest for the
                  | Orb.
     0 | D:1      | Reached XP level 1. HP: 14/14 MP: 3/3
   163 | D:1      | Reached skill level 2 in Dodging
   186 | D:1      | Reached XP level 2. HP: 16/20 MP: 0/5
  1369 | D:1      | Reached XP level 3. HP: 18/26 MP: 2/6
  1492 | D:2      | Learned a level 2 spell: Searing Ray
  1496 | D:2      | Reached XP level 4. HP: 33/33 MP: 2/8
  2021 | D:2      | Found a snail-covered altar of Cheibriados.
  2073 | D:2      | Found a stormy altar of Qazlal.
  2526 | D:2      | Found an opulent altar of Gozag.
  2526 | D:2      | Found a glowing silver altar of Zin.
  2581 | D:3      | Learned a level 3 spell: Dazzling Spray
  2631 | D:3      | Reached skill level 3 in Dodging
  2659 | D:3      | Noticed Jessica
  2663 | D:3      | Killed Jessica
  2663 | D:3      | Reached XP level 5. HP: 37/38 MP: 4/9
  2995 | D:3      | Found a hazy altar of Hepliaklqana.
  2995 | D:3      | Found a basalt altar of Yredelemnul.
  2998 | D:3      | Became a worshipper of Hepliaklqana the Forgotten
  3279 | D:3      | Reached skill level 5 in Conjurations
  4037 | D:4      | Noticed Ijyb
  4044 | D:4      | Killed Ijyb
  4044 | D:4      | Reached XP level 6. HP: 38/40 MP: 11/11
  4320 | D:4      | Reached skill level 4 in Dodging
  4820 | D:4      | Your scales start taking on a fiery red colour.
  4820 | D:4      | Reached XP level 7. HP: 45/45 MP: 10/13
  4820 | D:4      | Gained mutation: Your flesh is heat resistant. (rF+) [Red
                  | Draconian growth]
  5112 | D:4      | Noticed Blork the orc
  5129 | D:4      | Killed Blork the orc
  5212 | D:4      | Found a staircase to the Ecumenical Temple.
  5472 | D:5      | Entered Level 5 of the Dungeon
  5642 | D:5      | Noticed Pikel
  5664 | D:5      | Killed Pikel
  5664 | D:5      | Reached skill level 5 in Dodging
  5664 | D:5      | Reached skill level 5 in Spellcasting
  5664 | D:5      | Reached XP level 8. HP: 47/51 MP: 14/16
  5885 | D:5      | Reached * piety under Hepliaklqana
  5925 | D:5      | Killed Sigmund
  6047 | D:5      | Noticed Duvessa
  6047 | D:5      | Noticed Dowan
  6053 | D:5      | Killed Dowan
  6059 | D:5      | Found a shadowy altar of Dithmenos.
  6121 | D:5      | Killed Duvessa
  6121 | D:5      | Reached skill level 6 in Dodging
  6193 | D:5      | Killed a freed slave
  6574 | D:5      | Reached ** piety under Hepliaklqana
  6575 | D:5      | Remembered your ancestor Ku-aya as a knight
  6923 | D:6      | Reached skill level 1 in Hexes
  7180 | D:6      | Reached XP level 9. HP: 51/55 MP: 13/18
  7262 | D:6      | Got a jewelled falchion
  7263 | D:6      | Identified the +9 falchion of Gyoraci {vamp, rPois rC+
                  | Str-5} (You found it on level 6 of the Dungeon)
  7554 | D:7      | Found a burning altar of Makhleb.
  7586 | D:7      | Found a runed translucent gate.
  7587 | D:7      | Found a runed translucent gate.
  7588 | D:7      | Found a runed translucent gate.
  7589 | D:7      | Found an opulent altar of Gozag.
  7590 | D:7      | Noticed Daviar's ghost (amateur VSHu)
  7637 | D:7      | Found a white marble altar of Elyvilon.
  7725 | D:7      | Learned a level 4 spell: Fulminant Prism
  8024 | D:8      | Reached *** piety under Hepliaklqana
  8065 | D:8      | Reached skill level 7 in Dodging
  8190 | D:8      | Noticed a three-headed hydra
  8196 | D:8      | Killed a three-headed hydra
  8196 | D:8      | Reached XP level 10. HP: 62/62 MP: 17/19
  8333 | D:8      | Reached skill level 8 in Dodging
  8333 | D:8      | Reached skill level 5 in Hexes
  8834 | D:8      | Found Xour's Food Boutique.
  9138 | D:8      | Found Ocvemioh's Antique Armour Shoppe.
  9167 | D:8      | Found Nyfamom's Jewellery Boutique.
  9411 | D:8      | Found Nyagesk's Antique Weapon Boutique.
  9658 | D:9      | Found a shimmering altar of Xom.
  9675 | D:9      | Noticed a brown ugly thing
  9698 | D:9      | Killed a brown ugly thing
  9698 | D:9      | Reached skill level 10 in Conjurations
  9856 | D:9      | Noticed a two-headed ogre
  9870 | D:9      | Killed a two-headed ogre
 10066 | D:9      | Reached skill level 9 in Dodging
 10279 | D:9      | Reached XP level 11. HP: 53/66 MP: 3/20
 10280 | D:9      | Found a flagged portal.
 10321 | Bailey   | Entered a bailey
 11729 | D:9      | Found a staircase to the Orcish Mines.
 11930 | D:10     | Entered Level 10 of the Dungeon
 12298 | D:10     | Reached **** piety under Hepliaklqana
 12475 | D:10     | Found Noifekodd's General Store.
 12483 | D:10     | Bought a potion of heal wounds for 50 gold pieces
 12640 | D:10     | Found a staircase to the Lair.
 12782 | Lair:1   | Entered Level 1 of the Lair of Beasts
 13207 | Lair:1   | Found an ornate altar of the Wu Jian Council.
 13491 | Lair:1   | Reached ***** piety under Hepliaklqana
 14178 | Lair:2   | Noticed Gastronok
 14195 | Lair:2   | Killed Gastronok
 14195 | Lair:2   | Reached skill level 10 in Dodging
 14300 | Lair:2   | Found a staircase to the Snake Pit.
 16006 | Lair:3   | Noticed an eight-headed hydra
 16010 | Lair:3   | Noticed Sadonosm's ghost (journeyman DgSk)
 16076 | Lair:3   | Reached XP level 12. HP: 25/72 MP: 23/23
 16297 | Lair:3   | Found a transporter.
 17068 | Lair:3   | Found a transporter.
 17487 | Lair:4   | Noticed a five-headed hydra
 17503 | Lair:4   | Killed a five-headed hydra
 17503 | Lair:4   | Reached skill level 11 in Dodging
 17915 | Lair:4   | Noticed a seven-headed hydra
 17940 | Lair:4   | Killed a seven-headed hydra
 18635 | Lair:4   | Reached skill level 10 in Hexes
 18830 | Lair:4   | Found a staircase to the Swamp.
 19410 | Lair:5   | Found a staircase to the Slime Pits.
 19552 | Lair:5   | Noticed a death yak
 19554 | Lair:5   | Noticed a death yak
 19555 | Lair:5   | Noticed a death yak
 19559 | Lair:5   | Noticed a death yak
 19567 | Lair:5   | Killed a death yak
 19583 | Lair:4   | Killed a death yak
 19832 | Lair:5   | Noticed Sonja
 19899 | Lair:4   | Killed a death yak
 19899 | Lair:4   | Reached XP level 13. HP: 27/77 MP: 13/26
 20619 | Lair:5   | Reached skill level 12 in Dodging
 20637 | Lair:5   | Killed Sonja
 20756 | Lair:6   | Entered Level 6 of the Lair of Beasts
 21133 | Lair:6   | Reached skill level 10 in Spellcasting
 21584 | Lair:6   | Slain by a komodo dragon

Levels and vault maps discovered:
D:1:      minmay_arrival_loop, layout_basic, kennysheep_pointless_box
D:2:      layout_loops_ring, grunt_temple_overflow_gold_and_silver,
          nicolae_qazlal_eye_of_the_storm, cheibriados_altar_1,
          minmay_heptomino_l4
D:3:      layout_basic, gammafunk_temple_overflow_elements, uniq_jessica
D:4:      cheibrodos_fertilizer, layout_basic, minmay_temple_entry_fiery,
          uniq_ijyb, uniq_blork_the_orc
D:5:      layout_layer_cave, grunt_dithmenos_smoke, first_ration, uniq_sigmund,
          uniq_pikel, uniq_duvessa
D:6:      layout_gridville, minmay_crossroads
D:7:      layout_cave_pools, elyvilon_altar_5, ebering_ghost_gozag,
          lemuel_statue_altar
D:8:      layout_loops_corners, serial_shops, shop, nicolae_shop_crystal, shop,
          nicolae_shop_behind_doors, hangedman_ranch [blue_anna_fruit_fields]
D:9:      layout_long_grid, david_orc_4, enter_bailey_2, xom_confusion_cloud
D:10:     layout_long_grid, lair_entry_dummy, serial_shops, shop
Lair:1:   layout_cave_shapes, basic_altar, infiniplex_staircase_pool
Lair:2:   layout_cave_pods, minmay_snake_entry_spellcaster, uniq_gastronok
Lair:3:   layout_roguey, gammafunk_ghost_arena, lemuel_fruit_tree
Lair:4:   layout_roguey, palyth_hydra_swamp_entry,
          chequers_serial_rivers_large_a, wad_woods_road_05
Lair:5:   layout_regular_city, nicolae_slime_entry_slimehenge, uniq_sonja
Lair:6:   hangedman_lair_caniforms_friends, layout_hall_layers, wormcave,
          minivault_23, minmay_lair_oklob_chamber

Skill      XL: |  1  2  3  4  5  6  7  8  9 10 11 12 13 |
---------------+----------------------------------------+-----
Dodging        | 2 3 4 5 6 7 9 10 11 12 | 12.2
Spellcasting   | 3 4 5 6 7 9 10 | 10.2
Conjurations   | 5 7 9 10 11 | 11.0
Hexes          | 2 4 6 8 10 | 10.9
Stealth        | |  1.7

Action                   |  1- 3 |  4- 6 |  7- 9 | 10-12 | 13-15 || total
-------------------------+-------+-------+-------+-------+-------++-------
Melee: Unarmed           |    14 |       |       |       |       ||    14
       Short sword       |     6 |     4 |       |       |       ||    10
       Tailslap          |     2 |     5 |     8 |    21 |     7 ||    43
       Dagger            |       |    53 |    68 |       |       ||   121
       Falchion          |       |       |    37 |   210 |    31 ||   278
Throw: Dart              |       |       |    11 |       |       ||    11
       Throwing net      |       |       |       |     3 |       ||     3
 Cast: Magic Dart        |    43 |    78 |    37 |   113 |    17 ||   288
       Searing Ray       |     1 |     9 |    14 |    65 |    12 ||   101
       Fulminant Prism   |       |       |       |    81 |    20 ||   101
Invok: Ancestor Life: Kn |       |       |     1 |       |       ||     1
       Recall Ancestor   |       |       |       |     2 |       ||     2
 Abil: Breathe Fire      |       |       |    10 |    16 |       ||    26
Evoke: Wand              |       |       |     3 |    15 |     4 ||    22
  Use: Scroll            |       |     8 |    10 |    12 |       ||    30
       Potion            |       |     2 |       |     5 |       ||     7
 Stab: Sleeping          |       |       |     1 |     2 |     1 ||     4
       Distracted        |       |       |       |     3 |     1 ||     4
  Eat: Chunk             |     2 |    11 |     9 |    20 |     1 ||    43
       Ration            |       |       |     1 |     8 |     2 ||    11
Armor: Skin              |     8 |    22 |    41 |    74 |    16 ||   161
Dodge: Dodged            |    14 |    41 |    84 |   332 |    71 ||   542
       Rpst.: Falchion   |       |       |     7 |    93 |    19 ||   119
